 Dungeon Crawl Stone Soup version 0.19.0-18-g426998a (webtiles) character file.

254 esc the Slasher (level 5, -5/48 HPs)
             Began as a Minotaur Chaos Knight on Nov 11, 2016.
             Slain by a scorpion (10 damage)
             ... on level 4 of the Dungeon.
             The game lasted 00:09:24 (2350 turns).

esc the Slasher (Minotaur Chaos Knight)             Turns: 2350, Time: 00:09:28

Health: -5/48      AC:  5    Str: 17    XL:     5   Next: 91%
Magic:  4/4        EV: 12    Int:  9    God:    Xom [*.....]
Gold:   237        SH:  0    Dex: 10    Spells: 2 memorised, 2 levels left

rFire  . . .     SeeInvis .     a - +0 falchion (chaos)
rCold  . . .     Gourm    .     b - +2 leather armour
rNeg   . . .     Faith    .     (no shield)
rPois  .         Spirit   .     p - +0 hat
rElec  .         Reflect  .     (no cloak)
rCorr  .         Harm     .     (no gloves)
MR     .....                    (no boots)
Stlth  +.........               (no amulet)
                                (no ring)
                                (no ring)

@: lethally poisoned (-5 -> -13), flying
A: retaliatory headbutt, horns 2
a: Renounce Religion


You were on level 4 of the Dungeon.
You worshipped Xom.
You were a special plaything of Xom.
You were not hungry.

You visited 1 branch of the dungeon, and saw 4 of its levels.

You collected 237 gold pieces.

Inventory:

Hand Weapons
 a - a +0 falchion of chaos (weapon)
 C - a +0 arbalest
   (You found it on level 4 of the Dungeon)
Missiles
 E - 22 bolts
Armour
 b - a +2 leather armour (worn)
 o - a +0 shield
   (You found it on level 2 of the Dungeon)
 p - a +0 hat (worn)
   (You found it on level 2 of the Dungeon)
Jewellery
 g - an uncursed ring of ice {rC+, rF-}
   (You found it on level 1 of the Dungeon)
Scrolls
 e - a scroll of enchant armour {unknown}
 l - a scroll of remove curse
 t - a scroll of magic mapping {!r}
Potions
 d - a potion of flight
 f - a potion of brilliance {unknown}
 j - a potion of invisibility {unknown}
 k - a potion of mutation {unknown}
 n - a potion of haste {unknown}
 s - a potion of heal wounds {unknown}
 u - 2 potions of resistance {unknown}
 w - a potion of degeneration {unknown}
 A - a potion of might {unknown}
Books
 q - a book of Cantrips
   (You found it on level 2 of the Dungeon)
Comestibles
 c - 2 bread rations {@e1}
 h - 4 fruits
 m - 2 beef jerkies
 B - a royal jelly


   Skills:
 + Level 5.2 Fighting
 + Level 5.2 Long Blades
 + Level 0.0 Crossbows
 + Level 4.2 Armour
 + Level 2.9 Dodging


You had 2 spell levels left.
You knew the following spells:

 Your Spells              Type           Power        Failure   Level  Hunger
g - Apportation           Tloc           #.........   50%         1    ##.....
A - Animate Skeleton      Necr           N/A          50%         1    ##.....


Dungeon Overview and Level Annotations

Branches:
Dungeon (4/15)
 Temple: D:4-7

Altars:


Innate Abilities, Weirdness & Mutations

You reflexively headbutt those who attack you in melee.
You have a pair of horns on your head.


Message History

Reactivating autopickup.
You feel your dexterity returning.
You feel a bit more experienced.
You see here an arbalest.
C - an arbalest A giant cockroach comes into view.
You regained 2 hp, and now have 38/48 hp.
You hit the giant cockroach.
You kill the giant cockroach!
No target in view!
No target in view!
You see here a giant cockroach corpse.
You butcher the giant cockroach corpse.
D - a chunk of flesh {@w0} You are feeling hungry.
You see here 22 bolts.
E - 22 bolts Eating a chunk of flesh {@w0}.
You start eating the chunk of flesh {@w0}.
A scorpion comes into view.
Found a stone staircase leading down.
You regained 4 hp, and now have 44/48 hp.
You hit the scorpion but do no damage. The scorpion stings you.
You are poisoned.
The scorpion poisons you!
You take 1 damage, and have 43/48 hp.
You hit the scorpion. You freeze the scorpion.
Your headbutt misses the scorpion.
You feel sick. The scorpion stings you.
You are more poisoned.
The scorpion poisons you!
You take 4 damage, and have 39/48 hp.
Okay, then.
You aren't carrying any items that you can evoke.
You hit the scorpion but do no damage.
You feel sick. The scorpion barely misses you.
You riposte.
You hit the scorpion but do no damage.
The scorpion goes berserk!
Xom is highly amused!
Your headbutt misses the scorpion.
You take 2 damage, and have 37/48 hp.
Okay, then.
As you read the scroll labeled BUAFRE ZEAWA, it crumbles to dust.
It is a scroll of identify.
t - a scroll of magic mapping You feel sick.
The scorpion misses you.
You take 2 damage, and have 35/48 hp.
As you read the scroll labeled DIBEGO GEUX, it crumbles to dust.
You feel blessed for a moment.
It was a scroll of remove curse.
You feel sick. The scorpion barely misses you.
You riposte.
You barely miss the scorpion. The scorpion stings you!
You are lethally poisoned!
The scorpion poisons you!
You take 10 damage, and have 25/48 hp.
MASSIVE DAMAGE!!
Okay, then.
As you read the scroll labeled IPHAJO SADURO, it crumbles to dust.
You hear a burbling brook.
It was a scroll of random uselessness.
You feel sick. The scorpion stings you!
* * * LOW HITPOINT WARNING * * *
You are more poisoned.
The scorpion poisons you!
You take 12 damage, and have 13/48 hp.
MASSIVE DAMAGE!!
It was a potion of curing.
You feel better. The scorpion stings you.
* * * LOW HITPOINT WARNING * * *
The scorpion stings you!
* * * LOW HITPOINT WARNING * * *
You take 8 damage, and have 5/48 hp.
As you read the scroll labeled LOBBEN WAUNIKK, it crumbles to dust.
You hear a loud clanging noise!
It was a scroll of noise.
You hear a shout! x3; You hear a howl!
You hear a shout! x2
The scorpion closely misses you.
As you read the scroll labeled NUPSIVV TUANA, it crumbles to dust.
The scroll dissolves into smoke.
It was a scroll of fog.
The scorpion barely misses you. The scorpion stings you.
* * * LOW HITPOINT WARNING * * *
You are lethally poisoned!
The scorpion poisons you!
You take 1 damage, and have 4/48 hp.
Okay, then.
You feel better. The scorpion barely misses you.
You regained 6 hp, and now have 10/48 hp.
As you read the scroll labeled VAUMAU CAMES, it crumbles to dust.
It is a scroll of amnesia.
Forget which spell ([?*] list [ESC] exit)?
Forget which spell ([?*] list [ESC] exit)?
Okay, then.
The scorpion closely misses you. The scorpion stings you.
* * * LOW HITPOINT WARNING * * *
You are lethally poisoned!
The scorpion poisons you!
You take 5 damage, and have 5/48 hp.
It was a potion of flight.
You feel very buoyant.
You fly up into the air.
* * * LOW HITPOINT WARNING * * *
You feel sick. The scorpion stings you!
You die...
Xom howls with laughter!

#.## #.. ##..# ...
#...## ... ##.#..#
#.##+#######..##.#
#.........##.###.##
#.§.§§............###
#..§§§§.....###.#....
##.#@#####..###.#.###
......§s§§...........#
.#.###§§#####...<#.#.#
...#..........#.#
.#..#.###........#
#.#... ...........# #
#.>.............#
#.........##..#.#
......#...#.#


You could see a scorpion (berserk).

Vanquished Creatures
  A hound (D:3)
  Natasha (twice) (D:3)
  A worker ant (D:4)
  6 adders
  6 dart slugs
  4 leopard geckos
  2 orcs (D:3)
  3 giant cockroaches
  11 hobgoblins
  3 quokkas
  A ball python (D:1)
  9 bats
  3 frilled lizards
  7 goblins
  A jackal skeleton (D:4)
  11 kobolds
  A leopard gecko skeleton (D:4)
  11 rats
83 creatures vanquished.

Notes
Turn   | Place    | Note
-------+----------+-------------------------------------------
     0 | D:1      | esc the Minotaur Chaos Knight began the quest for the Orb.
     0 | D:1      | Reached XP level 1. HP: 19/19 MP: 0/0
   329 | D:1      | XOM: harmless Tmut miscast
   344 | D:1      | Reached XP level 2. HP: 19/27 MP: 1/1
   440 | D:1      | Reached skill level 4 in Long Blades
   458 | D:1      | Reached skill level 3 in Armour
   688 | D:2      | Found a faded altar of an unknown god.
   696 | D:2      | Reached XP level 3. HP: 29/33 MP: 2/2
   714 | D:2      | XOM: silly message
   740 | D:2      | Reached skill level 4 in Fighting
   785 | D:2      | Learned a level 1 spell: Apportation
   787 | D:2      | Learned a level 1 spell: Animate Skeleton
  1046 | D:2      | XOM: harmless Chrm miscast
  1154 | D:2      | Reached skill level 2 in Dodging
  1154 | D:2      | Reached XP level 4. HP: 27/41 MP: 3/3
  1247 | D:2      | XOM: divination: magic mapping
  1276 | D:2      | XOM: smoke on damage
  1449 | D:3      | Reached XP level 5. HP: 37/47 MP: 4/4
  1823 | D:3      | Reached skill level 5 in Long Blades
  1880 | D:3      | Noticed Natasha
  1888 | D:3      | XOM: potion effect (invisibility)
  1891 | D:3      | Killed Natasha
  1891 | D:3      | Reached skill level 5 in Fighting
  1932 | D:3      | XOM: harmless Erth miscast
  2169 | D:3      | XOM is BORED!
  2211 | D:3      | XOM: stat loss: -1 Dex (9/10)
  2222 | D:3      | Noticed Natasha
  2228 | D:3      | Killed Natasha
  2228 | D:3      | Reached skill level 4 in Armour
  2345 | D:4      | HP: 5/48 [scorpion (9)]
  2350 | D:4      | HP: 5/48 [poisoned by a scorpion]
  2350 | D:4      | Slain by a scorpion

Skill      XL: |  1  2  3  4  5 |
---------------+----------------+-----
Long Blades    | 4 5 |  5.2
Armour         | 3 4 |  4.2
Fighting       | 4 5 |  5.2
Dodging        | 2 |  2.9

Action                   |  1- 3 |  4- 6 || total
-------------------------+-------+-------++-------
Melee: Falchion          |   100 |    82 ||   182
       Headbutt          |    11 |    13 ||    24
 Cast: Animate Skeleton  |     2 |     1 ||     3
  Use: Scroll            |       |     6 ||     6
       Potion            |       |     3 ||     3
  Eat: Chunk             |     1 |     5 ||     6
Armor: Leather armour    |    37 |    18 ||    55
Dodge: Dodged            |    65 |    50 ||   115
       Rpst.: Falchion   |    15 |    12 ||    27

Vault maps used:
D:1:      nagdon_arrival_double_spiral, hex_tiny
D:2:      ecumenical_altar_2
D:3:      uniq_natasha
D:4:      serial_curves, eino_curves_04, eino_curves_02,
          kennysheep_generic_room_14

Table legend:
 A = Turns spent in this place as a percentage of turns spent in the entire game.
 B = Non-inter-level travel turns spent in this place as a percentage of non-inter-level travel turns spent in the entire game.
 C = Inter-level travel turns spent in this place as a percentage of turns spent in this place.
 D = Turns resting spent in this place as a percentage of non-inter-level travel turns spent in this place.
 E = Turns spent auto-exploring this place as a percentage of non-inter-level travel turns spent in this place.
 F = Non-inter-level travel turns spent in this place divided by the number of levels of this place that you've seen.
                   A       B       C       D       E      F
               +-------+-------+-------+-------+-------+----------------------
         Total | 100.0 | 100.0 |   0.6 |   0.9 |  13.5 | 174.5
       Dungeon | 100.0 | 100.0 |   0.6 |   0.9 |  13.5 | 174.5
               +-------+-------+-------+-------+-------+----------------------

Table legend:
 A = Kills in this place as a percentage of kills in entire the game.
 B = Kills by you in this place as a percentage of kills by you in the entire game.
 C = Kills by friends in this place as a percentage of kills by friends in the entire game.
 D = Other kills in this place as a percentage of other kills in the entire game.
 E = Experience gained in this place as a percentage of experience gained in the entire game.
 F = Experience gained in this place divided by the number of levels of this place that you have seen.
                   A       B       C       D       E      F
               +-------+-------+-------+-------+-------+----------------------
         Total | 100.0 | 100.0 |  -nan |  -nan | 100.0 |  91.0
       Dungeon | 100.0 | 100.0 |  -nan |  -nan | 100.0 |  91.0
               +-------+-------+-------+-------+-------+----------------------
